 Dungeon Crawl Stone Soup version 0.28.0-1-gb440e238dd (webtiles) character file.

Game seed: 14914495053995122618

728 horus123 the Thaumaturge (level 7, -2/36 HPs)
             Began as a Deep Elf Conjurer on Feb 23, 2022.
             Killed from afar by Blork the orc (13 damage)
             ... with a puff of frost
             ... on level 4 of the Dungeon.
             The game lasted 00:08:26 (3400 turns).

horus123 the Thaumaturge (Deep Elf Conjurer)        Turns: 3400, Time: 00:08:26

Health: -2/36      AC:  4    Str:  4    XL:     7   Next: 44%
Magic:  6/20       EV: 12    Int: 25    God:
Gold:   132        SH:  5    Dex: 13    Spells: 11/22 levels left

rFire   + + .      SeeInvis .   f - +5 dagger "Vexefime" {venom, rElec rF++}
rCold   . . .      Faith    .   (no shield)
rNeg    . . .      Spirit   .   a - +1 robe
rPois   .          Reflect  +   (no helmet)
rElec   +          Harm     .   l - +0 cloak
rCorr   .          Rampage  .   (no gloves)
Will    .....                   (no boots)
Stlth   ++........              m - amulet of reflection
HPRegen 0.12/turn               (no ring)
MPRegen 0.17/turn               (no ring)

@: no status effects
A: no striking features
a: no special abilities


You were on level 4 of the Dungeon.
You visited 1 branch of the dungeon, and saw 4 of its levels.

You collected 132 gold pieces.

Inventory:

Hand Weapons
 f - the +5 dagger "Vexefime" (weapon) {venom, rElec rF++}
   (You took it off a kobold on level 2 of the Dungeon)

   It poisons the flesh of those it strikes.
   rF:        It greatly protects you from fire.
   rElec:     It insulates you from electricity.
Armour
 a - a +1 robe (worn)
 l - a +0 cloak (worn)
Jewellery
 c - an amulet of the acrobat
 e - an amulet of regeneration
 m - an amulet of reflection (around neck)
Scrolls
 d - a scroll of noise
 n - a scroll of enchant weapon {unknown}
Potions
 b - a potion of haste {unknown}
 g - a potion of curing {unknown}
 h - a potion of mutation {unknown}
 i - a potion of magic {unknown}
 j - a potion of flight {unknown}
 k - a potion of heal wounds


   Skills:
 - Level 2.4 Dodging
 - Level 2.4 Stealth
 - Level 8.0 Spellcasting
 + Level 7.9 Conjurations


You had 11 spell levels left.
You knew the following spells:

 Your Spells              Type           Power      Damage    Failure   Level
a - Magic Dart            Conj           100%       1d8       1%          1
b - Searing Ray           Conj           98%        2d8       1%          2
c - Fulminant Prism       Conj/Hex       14%        3d9       12%         4
d - Iskenderun's Mystic   Conj/Tloc      29%        2d7       12%         4

Your spell library contained the following spells:

 Spells                   Type           Power      Damage    Failure   Level
 Dazzling Flash           Conj/Hex       58%        N/A       3%          3
 Sublimation of Blood     Necr           10%        N/A       9%          2
 Wereblood                Tmut           10%        N/A       9%          2
 Summon Hydra             Summ           5%         N/A       100%        7


Dungeon Overview and Level Annotations

Branches:
Dungeon (4/15)
 Temple: D:4-7

Altars:

Annotations:
D:4 Blork the orc


Message History

Press: ? - help, Q - select action, (/) - cycle Shift-Dir - straight line, f - Menkaure
Aim: Menkaure (almost destroyed, 100% to hit)
The magic dart hits Menkaure.
You destroy Menkaure!
Blork the orc mumbles some strange words.
Blork the orc seems to speed up.
Aiming: Magic Dart (safe; 1% risk of failure)
Press: ? - help, Q - select action, (/) - cycle Shift-Dir - straight line, f - hound skeleton
Aim: a hound skeleton (almost destroyed, 100% to hit)
The magic dart hits the hound skeleton.
You destroy the hound skeleton!
Casting: Magic Dart (safe; 1% risk of failure)
Confirm with . or Enter, or press ? or * to list all spells.
Aiming: Searing Ray (safe; 1% risk of failure)
Press: ? - help, Shift-Dir - straight line, f - Blork the orc
Aim: Blork the orc, wielding a +0 long sword and wearing a +0 robe (moderately wounded, fast, 85% to hit)
The searing ray misses Blork the orc. (Press . to maintain the ray.) Blork the orc casts a cantrip, but nothing happens.
The searing ray hits Blork the orc!
Blork the orc is severely wounded.
A scorpion comes into view.
The searing ray misses Blork the orc.
An endoplasm comes into view.
Blork the orc barely misses you.
The searing ray hits Blork the orc.
Blork the orc is almost dead.
You finish channelling your searing ray.
Blork the orc hits you with a +0 long sword!
Casting: Searing Ray (safe; 1% risk of failure)
Confirm with . or Enter, or press ? or * to list all spells.
Aiming: Searing Ray (safe; 1% risk of failure)
Press: ? - help, Shift-Dir - straight line, f/p - Blork the orc
Aim: Blork the orc, wielding a +0 long sword and wearing a +0 robe (almost dead, fast, 85% to hit)
The searing ray misses Blork the orc. (Press . to maintain the ray.)
The endoplasm quivers.
Blork the orc points at you and mumbles some strange words.
The puff of frost hits you!
You die...

......#..................
.......#..................
..........................
..........................
...........#.........#..
#......#..#..........
#....#.#..#..........
##....#.#..#.........
#......o@..#........
............#.......
.............#
.............#
.........#.....
................
................J
......##.......s.


You could see Blork the orc (fast), a scorpion and an endoplasm.

Vanquished Creatures
  Grinder (D:2)
  Sigmund (D:2)
  Menkaure (D:4)
  An orc warrior (D:4)
  An orc priest (D:4)
  An orc wizard (D:4)
  A hound skeleton (D:4)
  2 adders
  An adder skeleton (D:4)
  4 dart slugs
  4 orcs (D:4)
  6 ball pythons
  9 bats
  An endoplasm (D:2)
  A giant cockroach (D:1)
  4 goblins
  7 hobgoblins
  12 kobolds
  2 quokkas
  2 frilled lizards
  8 rats
70 creatures vanquished.

Vanquished Creatures (others)
  A fulminant prism (D:4)
  A fungus (D:1)
2 creatures vanquished.

Grand Total: 72 creatures vanquished

Notes
Turn   | Place    | Note
-------+----------+-------------------------------------------
     0 | D:1      | horus123 the Deep Elf Conjurer began the quest for the Orb.
     0 | D:1      | Reached XP level 1. HP: 10/10 MP: 6/6
   264 | D:1      | Reached skill level 4 in Spellcasting
   264 | D:1      | Reached XP level 2. HP: 15/15 MP: 7/9
  1460 | D:2      | Reached skill level 5 in Spellcasting
  1460 | D:2      | Reached XP level 3. HP: 19/19 MP: 2/11
  1463 | D:2      | Learned a level 2 spell: Searing Ray
  1535 | D:2      | Identified the +5 dagger "Vexefime" {venom, rElec rF++}
  1547 | D:2      | Noticed Sigmund
  1602 | D:2      | Killed Sigmund
  1603 | D:2      | Reached skill level 7 in Spellcasting
  1603 | D:2      | Reached XP level 4. HP: 21/24 MP: 3/15
  1603 | D:2      | Reached XP level 5. HP: 25/28 MP: 3/17
  1780 | D:2      | Reached skill level 8 in Spellcasting
  2001 | D:2      | You fall into a shaft and drop 1 floor!
  2039 | D:3      | Found a faded altar of an unknown god.
  2064 | D:3      | Noticed Grinder
  2077 | D:2      | Paralysed by Grinder for 7 turns
  2087 | D:2      | Killed Grinder
  2088 | D:2      | Reached XP level 6. HP: 10/32 MP: 13/19
  2127 | D:2      | Learned a level 4 spell: Fulminant Prism
  2132 | D:2      | Learned a level 4 spell: Iskenderun's Mystic Blast
  2953 | D:4      | Noticed an orc warrior
  2973 | D:4      | Killed an orc warrior
  2974 | D:4      | Reached XP level 7. HP: 19/36 MP: 0/20
  3387 | D:4      | Noticed Menkaure
  3388 | D:4      | Noticed Blork the orc
  3394 | D:4      | Killed Menkaure
  3400 | D:4      | Killed from afar by Blork the orc

Illustrated notes

Levels and vault maps discovered:
D:1:      dpeg_cavernosity, layout_basic, grunt_decor_mini_mirrors,
          nicolae_concentric_dashed_squares_wild
D:2:      layout_rooms, uniq_sigmund
D:3:      layout_rooms, hellmonk_ecumenical_altar_lost_god,
          kennysheep_generic_room_13, uniq_grinder
D:4:      layout_basic, uniq_blork_the_orc, uniq_menkaure

Skill      XL: |  1  2  3  4  5  6 |
---------------+-------------------+-----
Spellcasting   | 4 5 7 8 |  8.0
Conjurations   | 6 7 |  7.9
Dodging        | |  2.4
Stealth        | |  2.4

Action                   |  1- 3 |  4- 6 |  7- 9 || total
-------------------------+-------+-------+-------++-------
Melee: Unarmed           |     7 |       |       ||     7
       Dagger            |       |     5 |     6 ||    11
 Cast: Magic Dart        |    57 |    73 |    15 ||   145
       Searing Ray       |     1 |     5 |     2 ||     8
       Iskenderun's Myst |       |     2 |       ||     2
       Fulminant Prism   |       |       |     1 ||     1
  Use: Scroll            |     1 |     5 |       ||     6
Armor: Robe              |     4 |     3 |     1 ||     8
Dodge: Dodged            |    10 |    15 |     3 ||    28
Block: Other             |       |     2 |     1 ||     3
